 Dungeon Crawl Stone Soup version 0.21.1-1-g345015f (webtiles) character file.

162 Fortress the Shield-Bearer (level 5, -1/53 HPs)
             Began as a Troll Fighter on June 18, 2018.
             Killed from afar by an orc wizard (8 damage)
             ... with a magic dart
             ... on level 3 of the Dungeon.
             The game lasted 00:14:46 (2651 turns).

Fortress the Shield-Bearer (Troll Fighter)          Turns: 2651, Time: 00:14:48

Health: -1/53      AC:  5    Str: 25    XL:     5   Next: 19%
Magic:  4/4        EV:  8    Int:  4    God:
Gold:   85         SH:  9    Dex:  9    Spells: 4/4 levels left

rFire    . . .     SeeInvis .   a - +0 war axe
rCold    . . .     Gourm    +   c - +0 shield
rNeg     . . .     Faith    .   b - +0 robe
rPois    .         Spirit   .   i - +0 hat
rElec    .         Reflect  .   (no cloak)
rCorr    .         Harm     .   (gloves unavailable)
MR       .....                  (boots unavailable)
Stlth    +.........             (no amulet)
HPRegen  0.57/turn              (no ring)
MPRegen  0.09/turn              (no ring)

@: no status effects
A: large, unfitting armour, claws 3, fast metabolism 3, gourmand, regeneration
1, shaggy fur 1, tough skin 2
a: no special abilities


You were on level 3 of the Dungeon.
You were not hungry.

You visited 1 branch of the dungeon, and saw 4 of its levels.

You collected 85 gold pieces.

Inventory:

Hand Weapons
 a - a +0 war axe (weapon)
 m - a +0 whip of electrocution
Missiles
 e - 125 stones (quivered)
 n - 23 arrows
Armour
 b - a +0 robe (worn)
 c - a +0 shield (worn)
 i - a +0 hat (worn)
Jewellery
 j - an uncursed ring of fire {unknown}
Scrolls
 l - a scroll of teleportation {unknown}
 o - a scroll of identify {unknown}
Potions
 d - a potion of might
 g - a potion of degeneration {unknown}
 h - 2 potions of curing {unknown}
 k - 2 potions of lignification {unknown}
Comestibles
 f - 6 rations


   Skills:
 + Level 3.0 Fighting
 + Level 2.5 Axes
 + Level 3.1 Dodging
 - Level 0.2 Stealth
 + Level 3.3 Shields


You had 4 spell levels left.
You didn't know any spells.

Dungeon Overview and Level Annotations

Branches:
Dungeon (4/15)
 Temple: D:4-7

Altars:
Dithmenos
Makhleb
Sif Muna
Trog

Annotations:
D:2 2 transporters


Innate Abilities, Weirdness & Mutations

You are too large for most types of armour.
You have claws for hands.
Your metabolism is lightning-fast.
You like to eat raw meat.
Your natural rate of healing is unusually fast.
You are covered in fur. (AC +1)
You have very tough skin. (AC +2)


Message History

The orc wizard hits you but does no damage.
You slash the orc wizard!
The orc wizard is heavily wounded.
You slash the leopard gecko!
You kill the leopard gecko!
You block the orc wizard's attack.
You closely miss the orc wizard.
The orc wizard is heavily wounded.
The orc wizard barely misses you. x2
You closely miss the orc wizard.
The orc wizard is heavily wounded.
The orc wizard hits you but does no damage.
You hit the orc wizard.
The orc wizard is almost dead.
The orc wizard casts a spell at you. The puff of flame hits you!
* * * LOW HITPOINT WARNING * * *
The orc wizard points at you and mumbles some strange words.
The magic dart hits you!
You die...

## ######### ####### .#
#.......# #@)(..# .#
#.#####.# #o)...###
.###.# #.# #.......#
.....# #.# #.....#.#
.###.# #.# #.....#..
.###.#####.# #....%..#
.#.........# #.#.###.#
.#.######.######.#.###..
..........###........#.


You could see an orc wizard.

Vanquished Creatures
  An orc priest (D:3)
  5 adders
  A worm (D:2)
  4 dart slugs (D:1)
  4 leopard geckos
  2 orcs (D:3)
  8 bats
  3 giant cockroaches
  7 hobgoblins
  6 jackals
  A quokka (D:3)
  A ball python (D:1)
  3 frilled lizards
  10 goblins
  3 kobolds
  14 rats
73 creatures vanquished.

Notes
Turn   | Place    | Note
-------+----------+-------------------------------------------
     0 | D:1      | Fortress the Troll Fighter began the quest for the Orb.
     0 | D:1      | Reached XP level 1. HP: 22/22 MP: 0/0
   226 | D:1      | Reached XP level 2. HP: 29/29 MP: 1/1
   506 | D:1      | Reached XP level 3. HP: 36/36 MP: 2/2
   817 | D:2      | Found a transporter.
   825 | D:2      | Noticed a bullfrog
   825 | D:2      | Found a transporter.
   853 | D:2      | Found a burning altar of Makhleb.
  1055 | D:2      | Reached XP level 4. HP: 44/45 MP: 3/3
  1213 | D:2      | Found a deep blue altar of Sif Muna.
  1687 | D:3      | Noticed a moth of wrath
  1690 | D:3      | Found a bloodstained altar of Trog.
  2420 | D:3      | Found a shadowy altar of Dithmenos.
  2645 | D:3      | Reached XP level 5. HP: 13/53 MP: 4/4
  2651 | D:3      | Killed from afar by an orc wizard

Skill      XL: |  1  2  3  4 |
---------------+-------------+-----
Fighting       | 3 |  3.0
Axes           | 2 |  2.5
Shields        | 3 |  3.3
Dodging        | 3 |  3.1
Stealth        | |  0.2

Action                   |  1- 3 |  4- 6 || total
-------------------------+-------+-------++-------
Melee: War axe           |   141 |   101 ||   242
  Eat: Chunk             |    16 |    10 ||    26
Armor: Robe              |    54 |    53 ||   107
Dodge: Dodged            |    63 |    57 ||   120
Block: Shield            |    67 |    63 ||   130
